 Dungeon Sprint DCSS version 0.22.1-1-ga44c0e56f4 (webtiles) character file.

36 MuseOD the Firebug (level 3, -6/26 HPs)
             Began as a Hill Orc Fire Elementalist on Oct 4, 2018.
             Mangled by a human (10 damage)
             ... in the Dungeon (Sprint III: "The Ten Rune Challenge").
             The game lasted 00:01:15 (460 turns).

MuseOD the Firebug (Hill Orc Fire Elementalist)      Turns: 460, Time: 00:01:16

Health: -6/26      AC:  2    Str: 10    XL:     3   Next: 37%
Magic:  0/7        EV: 12    Int: 16    God:
Gold:   0          SH:  0    Dex: 11    Spells: 2/8 levels left

rFire    . . .     SeeInvis .   b - +0 dagger
rCold    . . .     Gourm    .   (no shield)
rNeg     . . .     Faith    .   a - +0 robe
rPois    .         Spirit   .   (no helmet)
rElec    .         Reflect  .   (no cloak)
rCorr    .         Harm     .   (no gloves)
MR       .....     NoTele   +   (no boots)
Stlth    ++........             (no amulet)
HPRegen  0.08/turn              (no ring)
MPRegen  0.10/turn              (no ring)

@: no status effects
A: no striking features
a: no special abilities


You were in the Dungeon.
You were not hungry.

You visited 1 branch

Inventory:

Hand Weapons
 b - a +0 dagger (weapon)
Armour
 a - a +0 robe (worn)
Scrolls
 i - a scroll of blinking
Potions
 d - a potion of curing
 e - a potion of heal wounds
 f - a potion of haste
 g - 2 potions of magic
 h - a potion of berserk rage
Comestibles
 c - 2 rations


   Skills:
 + Level 2.6 Dodging
 + Level 2.8 Stealth
 * Level 3.0 Spellcasting
 + Level 2.7 Conjurations
 + Level 4.4 Fire Magic


You had 2 spell levels left.
You knew the following spells:

 Your Spells              Type           Power        Failure   Level  Hunger
a - Flame Tongue          Conj/Fire      ##...        4%          1    #......
b - Throw Flame           Conj/Fire      ##....       6%          2    ##.....
c - Conjure Flame         Conj/Fire      ##......     13%         3    ###....

Your spell library contained the following spells:

 Spells                   Type           Power        Failure   Level  Hunger
 Inner Flame              Hex/Fire       #.......     22%         3    ###....
 Sticky Flame             Conj/Fire      ##......     38%         4    #####..
 Fireball                 Conj/Fire      ##........   75%         5    ######.


Dungeon Overview and Level Annotations

Branches:
Dungeon (1/1)

Altars:


Message History

The flame tongue hits the human.
The human is almost dead.
The human hits you.
* * * LOW HITPOINT WARNING * * *
There is an open door here.
Casting: Flame Tongue (safe; 4% risk of failure)
Confirm with . or Enter, or press ? or * to list all spells.
Aiming: Flame Tongue (safe; 4% risk of failure)
Press: ? - help, Shift-Dir - straight line, f/p - human
Aim: a human (almost dead)
The flame tongue hits the human.
The human appears unharmed.
The human is almost dead.
The human misses you.
You hit the human but do no damage.
The human is almost dead.
The human barely misses you.
You hit the human.
The human is almost dead.
The human hits you!
You die...

▓.....#
▓.....#...≈≈.♣ ♣♣
▓.....#..≈≈≈≈♣♣..
▓####'#..≈≈≈≈≈≈♣♣.
▓[...[#.≈≈≈≈≈≈....
▓.....#.≈≈≈≈≈.....
▓.....#.≈≈≈.......
▓'#####...........
▓....p@...........
▓▓▓▓▓▓▓▓▓▓▓▓▓▓▓▓▓▓


You could see a human.

Vanquished Creatures
  Jessica (D)
  2 oozes (D)
  A rat (D)
4 creatures vanquished.

Vanquished Creatures (others)
  2 draconian scorchers (D)
  A yaktaur (D)
  6 hellions (D)
  A plant (D)
10 creatures vanquished.

Grand Total: 14 creatures vanquished

Notes
Turn   | Place    | Note
-------+----------+-------------------------------------------
     0 | D        | MuseOD the Hill Orc Fire Elementalist began the quest for
                  | the Orb.
     0 | D        | Reached XP level 1. HP: 14/14 MP: 3/3
    30 | D        | Killed a yaktaur
    81 | D        | Killed a hellion
    82 | D        | Killed a hellion
    95 | D        | Killed a hellion
   113 | D        | Reached XP level 2. HP: 15/20 MP: 0/5
   117 | D        | Learned a level 2 spell: Throw Flame
   195 | D        | Killed a hellion
   219 | D        | Killed a hellion
   221 | D        | Killed a white draconian scorcher
   222 | D        | Killed a white draconian scorcher
   277 | D        | Killed a hellion
   299 | D        | Noticed Jessica
   301 | D        | Killed Jessica
   301 | D        | Reached skill level 4 in Fire Magic
   301 | D        | Reached XP level 3. HP: 26/26 MP: 3/7
   383 | D        | Learned a level 3 spell: Conjure Flame
   460 | D        | Mangled by a human

Skill      XL: |  1  2 |
---------------+-------+-----
Dodging        | 2 |  2.6
Stealth        | 2 |  2.8
Spellcasting   | 2 3 |  3.0
Conjurations   | 2 |  2.7
Fire Magic     | 4 |  4.4

Action                   || total
-------------------------++-------
Melee: Unarmed           ||     7
       Dagger            ||     5
 Cast: Flame Tongue      ||    18
       Conjure Flame     ||     1
Armor: Robe              ||     2
Dodge: Dodged            ||     8
